Unix NetHack Version 5.0.0-0 post-release - last build Jun 10 2026 00:39:30 (3ee93aec679c4c4259841fe613dc97188e26a321,branch:main).

Game began 2026-06-10 20:05:08, ended 2026-06-10 22:36:48.

Eymerich, chaotic male elven Priest

                                       -------------
                -------------         @-.[...[)....|
                |............########o#|..d.....f..|         ----------
                |...........|          |.......e...|         |....>...|
                |............#         |....<......|         |.........#
                -.-----------##########|...........|         |........|#
                 ###                  #|...........|   #  ###.........|#
                   #                  #----|--------   #  #  ----------#
 ---------         #                  #### #          ##  #            #
 |.......-#        #                       ##        ##   #           ##
 |.......|#        ###                      ######%###    #           #
 |.......|###  ------.-----                   #####   #   #           #
 |.......|  #  |..........|                   #---.---|-  #          ##
 |........#####|..........|                  ##|.......|  #         ##
 ---------  ###|..........|                  # |.......| ##         #--------
              #|.......(..|           ######## |........##          #|......|
              #|...........############        |.......|            #.(.....|
              #...........|                    ---------             |......|
               ------------                                          --------

Eymerich the Adept           St:9 Dx:10 Co:15 In:12 Wi:19 Ch:9  Chaotic
Dlvl:4  $:266 HP:0(47) Pw:79(87) AC:3  Xp:6 T:4423  Burdened

Latest messages:
 You are hit by the 1st poisoned crude arrow!
 The 2nd poisoned crude arrow misses Pinky.
 You are hit by the 2nd poisoned crude arrow.
 Your movements are slowed slightly because of your load.
 You feel weaker!
 The Uruk-hai wields a crude short sword!
 The Uruk-hai picks up a poisoned crude arrow.
 Puffa eats a partly eaten Uruk-hai corpse.
 Pinky misses the Uruk-hai.
 In what direction?
 You feel better.
 The Uruk-hai thrusts her crude short sword.
 The Uruk-hai misses!
 The Uruk-hai picks up an orcish helm.
 Pinky bites the Uruk-hai.
 The Uruk-hai swings his crude bow at Pinky.
 The Uruk-hai hits Pinky.
 The Uruk-hai thrusts her crude short sword.
 The Uruk-hai misses!
 Pinky misses the Uruk-hai.
 You hit the Uruk-hai!
 The Uruk-hai thrusts her crude short sword.
 The Uruk-hai hits!
 The Uruk-hai picks up a poisoned crude arrow.
 Pinky misses the Uruk-hai.
 Pinky bites the Uruk-hai.
 The Uruk-hai swings his crude bow at Pinky.
 The Uruk-hai misses Pinky.
 You kill the Uruk-hai!
 Pinky bites the Uruk-hai.
 The Uruk-hai swings his crude bow at Pinky.
 The Uruk-hai hits Pinky.
 The Uruk-hai shoots 2 poisoned crude arrows!
 You are almost hit by the 1st poisoned crude arrow.
 You are hit by the 2nd poisoned crude arrow.
 The Uruk-hai escapes upstairs!
 You see here 2 poisoned crude arrows.
 The Uruk-hai wields a crude bow!
 You miss the Uruk-hai.
 The Uruk-hai wields a crude short sword!
 You hit the Uruk-hai!
 The Uruk-hai thrusts her crude short sword.
 The Uruk-hai hits!
 You hit the Uruk-hai.
 The Uruk-hai thrusts her crude short sword.
 The Uruk-hai hits!
 You die...
 Do you want your possessions identified? [ynq] (y)
 Do you want to see your attributes? [ynq] (y)
 Do you want an account of creatures vanquished? [ynaq] (y)

Inventory:
 Coins    ('$')
  $ - 266 gold pieces
 Weapons  (')')
  B - a +0 sling (alternate weapon; not wielded)
  E - 30 +0 darts (at the ready)
  k - 6 +0 orcish daggers
  a - a blessed +1 mace (weapon in right hand)
 Armor    ('[')
  X - a blessed +1 orcish helm (being worn)
  n - a +0 pair of leather gloves (being worn)
  o - a blessed +0 pair of high boots (being worn)
  b - a +0 robe (being worn)
 Comestibles  ('%')
  e - 2 cloves of garlic
  w - 2 cram rations
  N - 2 food rations
  f - a sprig of wolfsbane
  U - a tin of boiled lichen
 Scrolls  ('?')
  S - a scroll of confuse monster
  O - a scroll of identify
 Spellbooks  ('+')
  g - a spellbook of detect monsters
  h - a spellbook of healing
 Potions  ('!')
  v - a potion of fruit juice
  T - a potion of healing
  Z - a cursed potion of object detection
  Y - a blessed potion of restore ability
  d - 4 potions of holy water
  p - a potion of water
 Wands    ('/')
  q - a wand of magic missile (0:4)
  x - a wand of nothing (0:5)
 Tools    ('(')
  i - a magic marker (0:21)
  c - a mirror
  r - a tin whistle
  t - a towel
 Gems/Stones  ('*')
  A - 4 rocks

Eymerich the Priest's attributes:

Background:
 You were an Adept, a level 6 elven Priest.
 You were chaotic, on a mission for Susanowo
 who was opposed by Amaterasu Omikami (lawful) and Raijin (neutral).
 You were right-handed.
 You were in the Dungeons of Doom, on level 4.
 You entered the dungeon 4423 turns ago.
 It was nighttime.
 You had 398 experience points, 242 more were needed to attain level 7.

Basics:
 You had 0 out of 47 hit points.
 You had 79 out of 87 energy points (spell power).
 Your armor class was 3.
 Your wallet contained 266 zorkmids.
 Autopickup was off.

Final Characteristics:
 Your strength was 9 (peak:13, limit:18).
 Your dexterity was 10 (limit:18).
 Your constitution was 15 (limit:16).
 Your intelligence was 12 (limit:20).
 Your wisdom was 19 (limit:20).
 Your charisma was 9 (limit:18).

Final Status:
 You weren't hungry.
 You were burdened; movement was slightly slowed.
 You were wielding a mace.
 You had basic skill with mace and could have enhanced that.

Final Attributes:
 You were piously aligned.
 You were sleep resistant.
 You were telepathic.
 You had infravision.
 You were guarded.
 Your spell casting was enhanced by wearing a robe.
 You are dead.

Miscellaneous:
 You didn't encounter any bones levels.
 Total elapsed playing time was 1 hour, 12 minutes and 35 seconds.

Major events:
 Turn
    1: Eymerich the chaotic elven Priest entered the dungeon
  549: attained the rank of Acolyte (level 3)
 1168: entered the Gnomish Mines
 4263: attained the rank of Adept (level 6)
 4423: killed by an Uruk-hai

Spells:
 Name                 Level Category     Fail Retention
 detect monsters        1   divination     0%  76%-100%
 healing                1   healing        0%  76%-100%

Skills:
 Fighting Skills
   bare handed combat [Unskilled]
 Weapon Skills
   club               [Unskilled]
   mace               [Basic]
   morning star       [Unskilled]
   flail              [Unskilled]
   hammer             [Unskilled]
   quarterstaff       [Unskilled]
   polearms           [Unskilled]
   spear              [Unskilled]
   trident            [Unskilled]
   lance              [Unskilled]
   bow                [Unskilled]
   sling              [Unskilled]
   crossbow           [Unskilled]
   dart               [Unskilled]
   shuriken           [Unskilled]
   boomerang          [Unskilled]
   unicorn horn       [Unskilled]
 Spellcasting Skills
   healing spells     [Unskilled]
   divination spells  [Unskilled]
   clerical spells    [Basic]

Voluntary challenges:
 Character rerolling was not enabled.
 You were illiterate.
 You never genocided any monsters.
 You never polymorphed an object.
 You never changed form.
 You used no wishes.
Achievements:
 You entered a shop.
 You attained the rank of Acolyte.
 You entered the Gnomish Mines.
 You attained the rank of Adept.

 The Dungeons of Doom: levels 1 to 5
    Level 1:
       A fountain, a grave.
    Level 2: "vault"
       A weapon shop, an altar to Susanowo, many fountains.
    Level 3: "locked chest"
       An altar, a sink.
       Stairs down to The Gnomish Mines.
    Level 4: "locked chest" <- You were here.
       Final resting place for
          you, killed by an Uruk-hai.
    Level 5: "locked chest, locked box"
       Many fountains, a sink.
 The Gnomish Mines:
    Level 4:


Vanquished creatures:
  2 small mimics
  a leprechaun
  a mountain nymph
  4 Uruk-hai
  2 rock piercers
  a rock mole
  a fog cloud
  2 yellow lights
  a gnome leader
  a gray ooze
 an elf zombie
  4 floating eyes
  a kobold leader
 10 hill orcs
  2 giant bats
  2 orc zombies
  a dwarf zombie
  a werejackal
 an iguana
  2 acid blobs
  a hobbit
  a large kobold
  6 giant rats
  4 cave spiders
  a yellow mold
  a red mold
  3 geckos
  3 jackals
  5 goblins
  2 sewer rats
  2 grid bugs
  a bat
  4 lichens
  2 kobold zombies
  4 newts
81 creatures vanquished.

No species were genocided or became extinct.

Game over:
                       ----------
                      /          \
                     /    REST    \
                    /      IN      \
                   /     PEACE      \
                  /                  \
                  |     Eymerich     |
                  |      266 Au      |
                  |   killed by an   |
                  |     Uruk-hai     |
                  |                  |
                  |                  |
                  |       2026       |
                 *|     *  *  *      | *
        _________)/\\_//(\/(/\)/\//\/|_)_______

Goodbye Eymerich the Priest...

You died in The Dungeons of Doom on dungeon level 4 with 2090 points,
and 266 pieces of gold, after 4423 moves.
You were level 6 with a maximum of 47 hit points when you died.

